AoeStats
← FDAGZ

Arabia

508354283Analyzed
1v1 RM · 10d ago on Sep 22, 2026· 21m 10s· 2 players
Game mode
Random Map
Map size
Tiny (2 player)
Population
200
Speed
Normal
Resources
Standard
Victory
Conquest
Starting age
Dark Age
Ending age
Imperial Age
RankedLock teamsTeams togetherTeam positionsShared explorationLock speedFull tech treeHidden civsTurbo modeCheats
Victory
Defeat
🇨🇱 Ethiopians · Chile
1068
+15
🇨🇴 Ethiopians · Colombia
1045
-44
FDAGZ
4:15 Loom
9:53 Feudal Age
10:36 Double-Bit Axe
12:02 Horse Collar
15:31 Wheelbarrow
20:11 Fletching
AiM | Tío Oplack
7:19 Loom
10:00 Feudal Age
15:58 Fletching
19:21 Padded Archer Armor
Connection lost

Rejoining the realm…

Still unreachable

The connection could not be restored.

Session expired

The server has moved on; the page needs a fresh start.